 Dungeon Crawl Stone Soup version 0.19-a0-45-g2c295ea (webtiles) character file.

11655 Kenran the Severer (level 11, -4/104 HPs)
             Began as a Hill Orc Fighter on May 5, 2016.
             Was a High Priest of Okawaru.
             Slain by a seven-headed hydra (5 damage)
             ... on level 10 of the Dungeon.
             The game lasted 00:35:44 (15359 turns).

Kenran the Severer (Hill Orc Fighter)              Turns: 15359, Time: 00:35:45

Health: -4/104     AC: 19    Str: 23    XL:     11   Next: 81%
Magic:  4/11       EV:  8    Int: 10    God:    Okawaru [*****.]
Gold:   709        SH:  0    Dex: 10    Spells: 0 memorised, 10 levels left

rFire  . . .     SeeInvis .     G - +1 whip (holy)
rCold  . . .     Gourm    +     g - +0 plate armour
rNeg   . . .     Faith    .     (no shield)
rPois  .         Spirit   .     B - +2 hat
rElec  .         Dismiss  .     y - +0 cloak
rCorr  .         Reflect  .     I - +0 pair of gloves
SustAt .         Harm     .     a - +0 pair of boots
MR     .....                    J - amulet of the gourmand
Stlth  ..........               (no ring)
                                c - +2 ring of intelligence

@: heroism, finesse, not resistant to hostile enchantments, extremely unstealthy
A: no striking features
a: Heroism, Finesse, Renounce Religion


You were on level 10 of the Dungeon.
You worshipped Okawaru.
Okawaru was extremely pleased with you.
You were not hungry.

You visited 3 branches of the dungeon, and saw 13 of its levels.

You collected 709 gold pieces.

Inventory:

Hand Weapons
 G - a +1 whip of holy wrath (weapon)
 H - a +4 battleaxe
Armour
 a - a +0 pair of boots (worn)
 g - a +0 plate armour (worn)
 y - a +0 cloak (worn)
 B - a +2 hat (worn)
 I - a +0 pair of gloves (worn)
Jewellery
 c - a +2 ring of intelligence (left hand)
 J - an amulet of the gourmand (around neck)
Scrolls
 j - 3 scrolls of fear
 k - 5 scrolls of enchant armour
 l - 6 scrolls of remove curse
 m - 10 scrolls of identify
 u - 2 scrolls of blinking
 D - 3 scrolls of amnesia
 E - 2 scrolls of teleportation
Potions
 b - 2 potions of resistance {unknown}
 d - 2 potions of might
 e - 2 potions of brilliance {unknown}
 h - 2 potions of lignification {unknown}
 i - a potion of cancellation {unknown}
 o - 2 potions of haste {unknown}
 p - 4 potions of curing {unknown}
 q - a potion of flight {unknown}
 w - 3 potions of degeneration {unknown}
 z - a potion of magic {unknown}
 C - a potion of ambrosia {unknown}
Miscellaneous
 s - a phial of floods
 A - a disc of storms
Comestibles
 f - 5 bread rations
 n - 6 meat rations
 t - a slice of pizza
 x - 4 beef jerkies
 F - 8 fruits


   Skills:
 - Level 12.0(17.0) Fighting
 + Level 18.7(23.7) Axes
 - Level 3.2(8.2) Armour
   Level 3.2(8.2) Shields


You had 10 spell levels left.
You didn't know any spells.

Dungeon Overview and Level Annotations

Branches:
Dungeon (11/15)            Temple (1/1) D:6            Lair (0/8) D:11
    Orc (1/2) D:9

Altars:
Ashenzari
Cheibriados
Dithmenos
Elyvilon
Fedhas
Kikubaaqudgha
Makhleb
Nemelex Xobeh
Okawaru
Pakellas
Qazlal
Ru
Sif Muna
Vehumet
Xom
Yredelemnul
Zin
The Shining One

Shops:
D:7 =

Annotations:
Orc:1 Gastronok


Message History

The seven-headed hydra bites you!
* * * LOW HITPOINT WARNING * * *
The seven-headed hydra bites you!
* * * LOW HITPOINT WARNING * * *
The seven-headed hydra bites you.
* * * LOW HITPOINT WARNING * * *
The seven-headed hydra barely misses you.
The seven-headed hydra bites you but does no damage. x2
You hit the seven-headed hydra.
The seven-headed hydra is heavily wounded.
You hit the seven-headed hydra. You punch the seven-headed hydra.
The seven-headed hydra is severely wounded.
You whack the seven-headed hydra!
The seven-headed hydra is almost dead.
You hit the seven-headed hydra.
The seven-headed hydra is almost dead.
The seven-headed hydra bites you.
* * * LOW HITPOINT WARNING * * *
The seven-headed hydra bites you.
You die...

..# ##### ..########## #....
.......#...# ######## ###....
.###.#.#.#.# #......#####......
####.#...#.# #......#.....#....
).##.#####.#####........#####....
#........#.#..........### #....
####.#.#.#...###.D....# #....
#.#.#.#.### #@.....# #....
#.#.###.# #......# #....
#.#.....# #####.## ####.
###..#### #..# #.. ##..### #.###
###'# #.....# #..D## #....
########.# #.#..#### #....
...'.....# #.#.....# #....
####.###.##########.#.#.#.###....


You could see a seven-headed hydra.

Vanquished Creatures
  Maud (D:10)
  The ghost of Grangar the Cleaver, a novice HOFi of Beogh (D:8)
  2 hill giants (D:11)
  An ugly thing (D:11)
  4 trolls
  A two-headed ogre (D:9)
  A shadow (D:11)
  A vampire (D:11)
  2 hippogriffs
  4 ice beasts
  8 orc warriors
  5 sky beasts
  5 ogres
  6 centaurs
  2 big kobolds
  A crocodile (D:10)
  11 giant frogs
  6 scorpions
  9 killer bees
  7 wights
  2 howler monkeys
  6 crimson imps
  A centaur zombie (D:6)
  3 quasits
  2 giant frog zombies
  3 jellies
  A giant frog skeleton (D:7)
  7 orc priests
  A wasp zombie (D:9)
  2 centaur skeletons
  7 hounds
  10 orc wizards
  Ijyb (D:3)
  3 iguanas
  11 worker ants
  2 hound skeletons
  A worker ant zombie (D:6)
  10 gnolls
  9 adders
  3 shadow imps
  An adder skeleton (D:4)
  2 worms
  4 dart slugs
  3 giant geckos
  61 orcs
  4 bats
  2 giant cockroaches
  8 goblins
  10 hobgoblins
  3 jackals (D:1)
  18 kobolds
  11 quokkas
  A ball python (D:3)
  A giant cockroach zombie (D:5)
  A giant gecko skeleton (D:4)
  7 giant newts
  2 jackal skeletons
  A jackal zombie (D:7)
  10 rats
313 creatures vanquished.

Notes
Turn   | Place    | Note
--------------------------------------------------------------
     0 | D:1      | Kenran the Hill Orc Fighter began the quest for the Orb.
     0 | D:1      | Reached XP level 1. HP: 19/19 MP: 1/1
   134 | D:1      | Reached skill level 3 in Axes
   168 | D:1      | Reached XP level 2. HP: 15/26 MP: 2/2
   438 | D:1      | Reached skill level 4 in Axes
   801 | D:1      | Reached XP level 3. HP: 31/31 MP: 3/3
  1149 | D:2      | Reached skill level 5 in Axes
  1291 | D:2      | Reached XP level 4. HP: 39/39 MP: 4/4
  1571 | D:2      | Found a burning altar of Makhleb.
  1575 | D:2      | Reached skill level 6 in Axes
  2001 | D:3      | Reached XP level 5. HP: 45/45 MP: 5/5
  2020 | D:2      | Reached skill level 7 in Axes
  2356 | D:3      | Noticed Ijyb
  2367 | D:3      | Killed Ijyb
  2367 | D:3      | Reached skill level 8 in Axes
  2367 | D:3      | Reached XP level 6. HP: 46/51 MP: 6/6
  2411 | D:3      | Found a shattered altar of Ashenzari.
  2420 | D:3      | Found a stormy altar of Qazlal.
  2447 | D:3      | Found an ancient bone altar of Kikubaaqudgha.
  2906 | D:3      | Found a blossoming altar of Fedhas.
  3112 | D:4      | Reached skill level 9 in Axes
  3416 | D:4      | Reached XP level 7. HP: 47/57 MP: 7/7
  3826 | D:4      | Reached skill level 10 in Axes
  4088 | D:5      | Entered Level 5 of the Dungeon
  4221 | D:5      | Reached skill level 11 in Axes
  4421 | D:5      | Reached XP level 8. HP: 62/64 MP: 8/8
  4689 | D:5      | Found a white marble altar of Elyvilon.
  4704 | D:5      | Reached skill level 12 in Axes
  5665 | D:5      | Reached skill level 13 in Axes
  6012 | D:6      | Found an oddly glowing altar of Pakellas.
  6139 | D:6      | Reached skill level 14 in Axes
  6139 | D:6      | Reached XP level 9. HP: 64/70 MP: 9/9
  6288 | D:6      | Found a staircase to the Ecumenical Temple.
  6654 | Temple   | Entered the Ecumenical Temple
  6683 | Temple   | Became a worshipper of Warmaster Okawaru
  6812 | D:7      | Reached skill level 5 in Fighting
  7223 | D:7      | Reached * piety under Okawaru
  7304 | D:7      | Found Nakluik's Jewellery Boutique.
  7561 | D:7      | Found a radiant altar of Vehumet.
  7561 | D:7      | Found a sacrificial altar of Ru.
  7800 | D:8      | Noticed Grangar's ghost (novice HOFi)
  8146 | D:8      | Reached XP level 10. HP: 52/91 MP: 10/10
  8318 | D:8      | Reached skill level 10 in Fighting
  8750 | D:8      | Reached ** piety under Okawaru
  9101 | D:9      | Found a staircase to the Orcish Mines.
  9740 | D:10     | Entered Level 10 of the Dungeon
  9776 | D:10     | Noticed Maud
 10642 | D:10     | Killed Maud
 10642 | D:10     | Reached *** piety under Okawaru
 10642 | D:10     | Reached **** piety under Okawaru
 10642 | D:10     | Reached skill level 16 in Axes
 10642 | D:10     | Reached XP level 11. HP: 53/104 MP: 8/11
 11694 | D:11     | Found a staircase to the Lair.
 11985 | D:11     | Reached skill level 17 in Axes
 12004 | D:11     | Noticed a hill giant
 12279 | D:11     | Killed a hill giant
 12279 | D:11     | Reached ***** piety under Okawaru
 12373 | D:11     | Received a gift from Okawaru
 12512 | D:11     | Noticed a hill giant
 12525 | D:11     | Killed a hill giant
 12943 | D:11     | Found a burning altar of Makhleb.
 13177 | D:11     | Reached skill level 18 in Axes
 13235 | D:11     | Noticed a cyan ugly thing
 13237 | D:11     | Noticed an eight-headed hydra
 13276 | D:11     | Killed a cyan ugly thing
 13296 | D:11     | Noticed a seven-headed hydra
 13597 | Orc:1    | Entered Level 1 of the Orcish Mines
 13837 | D:8      | Killed Grangar's ghost
 14830 | Orc:1    | Noticed Gastronok
 15359 | D:10     | HP: 1/104 [seven-headed hydra (5)]
 15359 | D:10     | Slain by a seven-headed hydra

Vault maps used:
D:1:      minmay_arrival_wavy_path, grunt_decor_one_mirror
D:2:      makhleb_heckhound_becter, grunt_decor_clamped, minmay_misc_feat_iff
D:3:      wad_woods_settlement, kiku_gazebo_pond_becter, lemuel_crystal_altar,
          fedhas_altar_fruit_tree, ashenzari_altar_1, uniq_iyjb
D:4:      first_bread
D:5:      kennysheep_big_flooded_room, elyvilon_altar_5
D:6:      old_standard_altar, minmay_temple_entry_junction2
D:7:      gammafunk_temple_overflow_wave, serial_shops, nicolae_shop_crystal
D:9:      erik_orc_4
D:10:     serial_glass, glass_columns_c, glass_columns_a, feat_on_display,
          feat_on_display, due_unseen_surprise, uniq_maud
D:11:     lair_0_dummy, basic_altar, uniq_harold
Temple:   circular_temple_12
Orc:1:    uniq_gastronok, uniq_erolcha

Skill      XL: |  1  2  3  4  5  6  7  8  9 10 11 |
---------------+----------------------------------+-----
Axes           | 3 4 5 6 8 9 11 14 16 18 | 18.7
Fighting       | 9 12 | 12.0
Armour         | |  3.2
Shields        | |  3.2

Action                   |  1- 3 |  4- 6 |  7- 9 | 10-12 || total
-------------------------+-------+-------+-------+-------++-------
Melee: War axe           |   106 |   217 |   417 |    12 ||   752
       Hand axe          |       |       |    26 |       ||    26
       Battleaxe         |       |       |       |   387 ||   387
       Whip              |       |       |       |    35 ||    35
       Punch             |       |       |       |     3 ||     3
Invok: Heroism           |       |       |       |     5 ||     5
       Finesse           |       |       |       |     1 ||     1
  Use: Scroll            |       |       |    11 |     3 ||    14
       Potion            |       |       |     1 |     4 ||     5
  Eat: Chunk             |     1 |     7 |    16 |    21 ||    45
       Fruit             |       |       |       |     7 ||     7
Armor: Scale mail        |    51 |    79 |   179 |    23 ||   332
       Plate armour      |       |       |       |   347 ||   347
Dodge: Dodged            |    32 |    65 |   116 |   168 ||   381
Block: Shield            |    56 |    95 |   161 |     4 ||   316
